 Dungeon Crawl Stone Soup version 0.22.0-16-gc6d26f6 (webtiles) character file.

83 shmeve the Cudgeler (level 4, -2/67 HPs)
             Began as a Troll Berserker on Aug 17, 2018.
             Was a Believer of Trog.
             Slain by a hobgoblin
             ... wielding a +0 club
             ... led by Robin
              (4 damage)
             ... on level 2 of the Dungeon.
             The game lasted 00:04:13 (1016 turns).

shmeve the Cudgeler (Troll Berserker)               Turns: 1016, Time: 00:04:13

Health: -2/67      AC:  5    Str: 31    XL:     4   Next: 22%
Magic:  3/3        EV: 10    Int:  3    God:    Trog [**....]
Gold:   157        SH:  0    Dex:  9    Spells: 3/3 levels left

rFire    . . .     SeeInvis +   a - +0 mace
rCold    . . .     Gourm    +   (no shield)
rNeg     . . .     Faith    .   b - +0 animal skin
rPois    .         Spirit   .   (helmet restricted)
rElec    .         Reflect  .   (no cloak)
rCorr    .         Harm     .   (gloves unavailable)
MR       .....                  (boots unavailable)
Stlth    ..........             (no amulet)
HPRegen  0.61/turn              e - ring of attention (curse)
MPRegen  0.08/turn              k - ring of see invisible

@: berserking (expiring), very quick
A: large, unfitting armour, claws 3, fast metabolism 3, gourmand, regeneration
1, shaggy fur 1, tough skin 2
a: Berserk, Trog's Hand, Renounce Religion


You were on level 2 of the Dungeon.
You worshipped Trog.
Trog was pleased with you.
You were very full.

You visited 1 branch of the dungeon, and saw 2 of its levels.

You collected 157 gold pieces.

Inventory:

Hand Weapons
 a - a +0 mace (weapon)
Armour
 b - a +0 animal skin (worn)
Jewellery
 e - a cursed ring of attention (left claw)
 k - a ring of see invisible (right claw)
Scrolls
 i - 2 scrolls of identify {unknown}
 l - a scroll of teleportation {unknown}
 n - a scroll of random uselessness {unknown}
Potions
 d - a potion of degeneration {unknown}
 g - 2 potions of might {unknown}
 h - a potion of brilliance {unknown}
 j - a potion of agility {unknown}
 m - a potion of berserk rage {unknown}
Comestibles
 c - 7 rations
 f - 5 chunks of flesh


   Skills:
 * Level 3.0 Fighting
 * Level 3.2 Maces & Flails
 * Level 1.4 Throwing
 * Level 3.0 Dodging


You had 3 spell levels left.
You didn't know any spells.
Your spell library was empty.

Dungeon Overview and Level Annotations

Branches:
Dungeon (2/15)

Altars:


Innate Abilities, Weirdness & Mutations

You are too large for most types of armour.
You have claws for hands.
Your metabolism is lightning-fast.
You like to eat raw meat.
Your natural rate of healing is unusually fast.
You are covered in fur. (AC +1)
You have very tough skin. (AC +2)


Message History

* * * LOW HITPOINT WARNING * * *
The hobgoblin closely misses you.
Unknown command.
You bludgeon the goblin!!
You kill the goblin!
Trog accepts your kill. The goblin barely misses you.
The hobgoblin completely misses you. The hobgoblin hits you with a club.
* * * LOW HITPOINT WARNING * * *
Unknown command.
You barely miss the hobgoblin. The goblin hits you with a dagger.
* * * LOW HITPOINT WARNING * * *
The hobgoblin barely misses you. The hobgoblin hits you with a club.
* * * LOW HITPOINT WARNING * * *
The goblin hits you with a club.
* * * LOW HITPOINT WARNING * * *
Unknown command.
You barely miss the hobgoblin. The hobgoblin closely misses you.
The goblin hits you but does no damage. The hobgoblin hits you with a club.
You die...

#. #............### #.
#...............######.
#...................#..
#..................<..#
#......................
#.....g..............##
#...ggg.......###.#.#
#..g@g# #...## ####g##
#..... #.## #...####
#..# #.## #(.### #.#
#....## ###.#
#.....###...######
#.#.#.....####....
#.#.###..>.###....


You could see 3 hobgoblins and 4 goblins.

Vanquished Creatures
  Robin (D:2)
  A gnoll (D:1)
  An ooze (D:1)
  A worm (D:2)
  2 dart slugs (D:1)
  A leopard gecko (D:2)
  2 ball pythons
  2 giant cockroaches (D:1)
  6 goblins (D:2)
  6 hobgoblins
  3 jackals (D:1)
  7 kobolds
  A quokka (D:2)
  5 bats
  6 frilled lizards
  3 rats
48 creatures vanquished.

Notes
Turn   | Place    | Note
-------+----------+-------------------------------------------
     0 | D:1      | shmeve the Troll Berserker began the quest for the Orb.
     0 | D:1      | Reached XP level 1. HP: 22/22 MP: 0/0
     2 | D:1      | Noticed a centaur
     2 | D:1      | Noticed an octopode
     4 | D:1      | Noticed a vampire
     4 | D:1      | Noticed a gargoyle
     6 | D:1      | Noticed a merfolk
     8 | D:1      | Noticed an elf
    10 | D:1      | Noticed a ghoul
    10 | D:1      | Noticed a naga
    12 | D:1      | Noticed a halfling
    14 | D:1      | Noticed a human
    14 | D:1      | Noticed a vine stalker
    16 | D:1      | Noticed a demigod
    16 | D:1      | Noticed a spriggan
    18 | D:1      | Noticed a troll
    18 | D:1      | Noticed a formicid
    20 | D:1      | Noticed a tengu
    20 | D:1      | Noticed a draconian
    22 | D:1      | Noticed a minotaur
    22 | D:1      | Noticed a felid
    24 | D:1      | Noticed a dwarf
    24 | D:1      | Noticed an ogre
    26 | D:1      | Noticed a demonspawn
    59 | D:1      | Reached XP level 2. HP: 12/29 MP: 1/1
   376 | D:1      | Reached skill level 1 in Throwing
   443 | D:1      | Reached XP level 3. HP: 6/36 MP: 2/2
   653 | D:2      | Reached ** piety under Trog
   999 | D:2      | Noticed Robin
  1006 | D:2      | Reached XP level 4. HP: 41/44 MP: 3/3
  1012 | D:2      | Killed Robin
  1015 | D:2      | HP: 2/67 [hobgoblin/club[Robin] (3)]
  1016 | D:2      | Slain by a hobgoblin

Skill      XL: |  1  2  3  4 |
---------------+-------------+-----
Maces & Flails | 3 |  3.2
Throwing       | 1 |  1.4
Fighting       | 3 |  3.0
Dodging        | 3 |  3.0

Action                   |  1- 3 |  4- 6 || total
-------------------------+-------+-------++-------
Melee: Mace              |   134 |    10 ||   144
Invok: Berserk           |     2 |       ||     2
  Eat: Chunk             |    16 |       ||    16
Armor: Animal skin       |   122 |     6 ||   128
Dodge: Dodged            |   172 |    18 ||   190
